 Dungeon Crawl Stone Soup version 0.29-a0-323-g050149af67 (webtiles) character file.

Game seed: 12688419253965532601

13 Jortsu the Vandal (level 2, 27/27 HPs)
             Began as a Troll Hunter on Apr 11, 2022.
             Was a Follower of Kikubaaqudgha.
             Quit the game on level 1 of the Dungeon.
             The game lasted 00:00:41 (178 turns).

Jortsu the Vandal (Troll Hunter)                     Turns: 178, Time: 00:00:41

Health: 27/27      AC:  4    Str: 18    XL:     2   Next: 24%
Magic:  1/1        EV: 10    Int:  5    God:    Kikubaaqudgha [*.....]
Gold:   48         SH:  0    Dex: 13    Spells: 1/1 levels left

rFire   . . .      SeeInvis .   (no weapon)
rCold   . . .      Faith    .   (no shield)
rNeg    . . .      Spirit   .   b - +0 robe
rPois   .          Reflect  .   (helmet restricted)
rElec   .          Harm     .   (no cloak)
rCorr   .          Rampage  .   (gloves unavailable)
Will    +....                   (boots unavailable)
Stlth   +.........              (no amulet)
HPRegen 0.89/turn               f - ring of willpower
MPRegen 0.07/turn               (no ring)

@: no status effects
A: large, unfitting armour, claws 3, regeneration 1, shaggy fur 1, tough skin 1
a: Renounce Religion, Receive Corpses


You were on level 1 of the Dungeon.
You worshipped Kikubaaqudgha.
Kikubaaqudgha was aware of your devotion.
You visited 1 branch of the dungeon, and saw 1 of its levels.

You collected 48 gold pieces.

Inventory:

Hand Weapons
 a - a +1 hunting sling
Armour
 b - a +0 robe (worn)
Jewellery
 f - a ring of willpower (left claw)
 g - a ring of wizardry
Scrolls
 c - a scroll of immolation
 e - a scroll of noise {unknown}
Potions
 d - a potion of heal wounds {unknown}
 h - a potion of mutation {unknown}


   Skills:
 + Level 1.6 Fighting
 + Level 3.0 Slings
 + Level 1.6 Dodging
 + Level 0.3 Stealth
 + Level 0.1 Unarmed Combat


You had one spell level left.
You didn't know any spells.
Your spell library contained the following spells:

 Spells                   Type           Power      Damage    Failure   Level
 Animate Skeleton         Necr           0%         N/A       47%         1
 Pain                     Necr           0%         1d4       47%         1
 Corpse Rot               Necr/Air       0%         N/A       63%         2
 Dazzling Flash           Conj/Hex       0%         N/A       85%         3
 Agony                    Necr           0%         N/A       100%        5
 Silence                  Hex/Air        0%         N/A       100%        5


Dungeon Overview and Level Annotations

Branches:
Dungeon (1/15)

Altars:
Kikubaaqudgha


Innate Abilities, Weirdness & Mutations

You are too large for most types of armour.
You have claws for hands.
Your natural rate of healing is unusually fast.
You are covered in fur. (AC +1)
You have tough skin. (AC +1)


Message History

You pick up a book of the Senses and begin reading...
You add the spells Dazzling Flash, Agony and Silence to your library.
The frilled lizard bites you but does no damage.
The kobold shouts!
You claw the frilled lizard!
You kill the frilled lizard!
The kobold hits you with a +0 whip.
The ball python hisses angrily.
You claw the kobold!
You kill the kobold!
A rat comes into view.
The ball python bites you.
Things that are here:
a +0 whip; 2 stones You closely miss the ball python.
The ball python bites you.
You claw the ball python!
You kill the ball python!
The rat bites you but does no damage. x2
You see here a ball python corpse.
You claw the rat!
You kill the rat!
The rat barely misses you.
The rat twitches its whiskers.
The rat barely misses you.
You see here a rat corpse.
You scratch the rat.
You kill the rat!
You see here a ball python corpse.
You now have 25 gold pieces (gained 9).
You now have 39 gold pieces (gained 14).
You now have 48 gold pieces (gained 9).
Found a faded altar of an unknown god.
There is a faded altar of an unknown god here.
You cannot tell which god this altar belongs to.
Convert to them anyway?
Kikubaaqudgha accepts your prayer! Kikubaaqudgha welcomes you!
You can now receive cadavers from Kikubaaqudgha.
Kikubaaqudgha grants you a gift!
You add the spells Animate Skeleton, Pain and Corpse Rot to your library.
Are you sure you want to abandon this character and quit the game? (Confirm with "yes".)

# # # ### ..### # ...'#
###.# ....#####
#####.... .....##..###
#..^..#
......##...###.^@^.#
......#.....#..^.^####.
..|...###...............
......#.................
......#..........#...#..
.....##.#........##.....
....##..##.......# #...#
...##......#.....# #..#
..##...#...##....# #..


There were no monsters in sight!

Vanquished Creatures
  A dart slug (D:1)
  2 ball pythons (D:1)
  2 goblins (D:1)
  2 hobgoblins (D:1)
  A frilled lizard (D:1)
  A kobold (D:1)
  2 rats (D:1)
11 creatures vanquished.

Notes
Turn   | Place    | Note
-------+----------+-------------------------------------------
     0 | D:1      | Jortsu the Troll Hunter began the quest for the Orb.
     0 | D:1      | Reached XP level 1. HP: 19/19 MP: 0/0
    79 | D:1      | Reached skill level 3 in Slings
    79 | D:1      | Reached XP level 2. HP: 27/27 MP: 1/1
   168 | D:1      | Found a faded altar of an unknown god.
   177 | D:1      | Prayed at the altar of an unknown god.
   177 | D:1      | Became a worshipper of Kikubaaqudgha
   177 | D:1      | Reached * piety under Kikubaaqudgha
   177 | D:1      | Received a gift from Kikubaaqudgha
   178 | D:1      | Quit the game

Illustrated notes

Levels and vault maps discovered:
D:1:      lemuel_arrival_rhombus, layout_rooms, ebering_ecumenical_altar_webs

Skill      XL: |  1 |
---------------+----+-----
Slings         | 3 |  3.0
Fighting       | |  1.6
Dodging        | |  1.6
Stealth        | |  0.3
Unarmed Combat | |  0.1

Action                   || total
-------------------------++-------
Melee: Unarmed           ||    29
Armor: Robe              ||    12
Dodge: Dodged            ||    14

Table legend: (Time is in decaauts)
 A = Elapsed time spent in this place.
 B = Non-inter-level travel time spent in this place.
 C = Inter-level travel time spent in this place.
 D = Time resting spent in this place.
 E = Time spent auto-exploring this place.
 F = Levels seen in this place.
 G = Mean time per level.
                   A        B        C        D        E       F      G
               +--------+--------+--------+--------+--------+-----+--------+
         Total |    176 |    176 |      0 |      0 |     90 |   1 |  176.0 |
       Dungeon |    176 |    176 |      0 |      0 |     90 |   1 |  176.0 |
               +--------+--------+--------+--------+--------+-----+--------+

Top non-repeatable levels by time:
     D:1: 176 daAuts
